 Dungeon Crawl Stone Soup version 0.29-a0-96-g93358da72b (webtiles) character file.

Game seed: 14031269368107438752

22 Sweetruy1997 the Skirmisher (level 2, -4/24 HPs)
             Began as a Demonspawn Chaos Knight on Feb 12, 2022.
             Was a Plaything of Xom.
             Slain by an ogre (23 damage)
             ... on level 2 of the Dungeon.
             The game lasted 00:01:27 (537 turns).

Sweetruy1997 the Skirmisher (DsCK)                   Turns: 537, Time: 00:01:27

Health: -4/24      AC:  5    Str: 12    XL:     2   Next: 68%
Magic:  2/2        EV: 11    Int: 13    God:    Xom [..*...]
Gold:   69         SH:  0    Dex: 12    Spells: 1/1 levels left

rFire   . . .      SeeInvis .   a - +0 falchion (chaos)
rCold   . . .      Faith    .   (no shield)
rNeg    . . .      Spirit   .   b - +2 leather armour
rPois   .          Reflect  .   (no helmet)
rElec   .          Harm     .   (no cloak)
rCorr   .          Rampage  .   (no gloves)
Will    .....                   (no boots)
Stlth   +.........              c - amulet of regeneration
HPRegen 0.88/turn               (no ring)
MPRegen 0.08/turn               (no ring)

@: brilliant
A: sanguine armour 1
a: Renounce Religion


You were on level 2 of the Dungeon.
You worshipped Xom.
You were a toy of Xom.
You visited 1 branch of the dungeon, and saw 2 of its levels.

You collected 69 gold pieces.

Inventory:

Hand Weapons
 a - a +0 falchion of chaos (weapon)
Armour
 b - a +2 leather armour (worn)
Jewellery
 c - an amulet of regeneration (around neck)
Scrolls
 d - a scroll of amnesia {unknown}
 e - a scroll of identify {unknown}
 f - a scroll of blinking {unknown}
 g - a scroll of teleportation {unknown}


   Skills:
 + Level 3.5 Fighting
 + Level 3.0 Long Blades
 + Level 2.0 Armour
 + Level 0.9 Dodging


You had one spell level left.
You didn't know any spells.
Your spell library was empty.

Dungeon Overview and Level Annotations

Branches:
Dungeon (2/15)

Altars:


Innate Abilities, Weirdness & Mutations

When seriously injured, your blood forms armour. (AC +0)


Message History

Found a war axe.
A goblin comes into view. It is wielding a +0 dagger.
The goblin shouts! "Let's try an experiment, hmmm?"
Your leather armour briefly grows fur, then returns to normal.
The goblin unwields a +0 dagger.
The goblin wields a +0 hunting sling.
The goblin shoots a stone.
The stone misses you.
The goblin shoots a stone.
The stone hits you but does no damage.
The goblin shoots a stone.
The stone hits you.
An ogre comes into view. It is wielding a +0 giant club.
The ogre shouts!
The goblin shoots a stone.
The stone hits you.
The goblin unwields a +0 hunting sling.
The goblin wields a +0 dagger.
The goblin hits you with a +0 dagger.
You hit the goblin. You freeze the goblin.
The goblin is severely wounded.
The goblin hits you but does no damage.
You hit the goblin.
You kill the goblin!
Your Armour skill increases to level 2!
You hit the ogre but do no damage. The ogre closely misses you.
You barely miss the ogre. The ogre closely misses you.
You barely miss the ogre. The ogre barely misses you.
You barely miss the ogre. The ogre hits you with a +0 giant club!
You completely miss the ogre. The ogre misses you.
You hit the ogre.
The ogre seems to speed up.
Xom is highly amused!
The ogre is lightly wounded.
The ogre barely misses you.
You hit the ogre but do no damage.
The ogre is lightly wounded.
The ogre closely misses you. The ogre hits you with a +0 giant club.
Your blood congeals into armour. "Go forth and destroy!"
You feel clever all of a sudden.
Your blood armour dries and flakes away.
The ogre hits you with a +0 giant club!!
Ouch! That really hurt!
You die...
Xom howls with laughter!

#.. #..# #.#.#.# #...
#.#.#.# #... #.#.#.# #.#.##
#.#.#.# #.#..# #.#.#.#
#.#..# #.#.#.#
########.##.#########.#.#.#
......)..O@...........#...#
#######.####.#######......#
#.# #..# #.8.8... #.# #..#
#.._...# #.# #... #.......
#+# #.#.# #......# #$..#
####...# ##..# #####


You could see an ogre (fast).

Vanquished Creatures
  A dart slug (D:1)
  2 ball pythons (D:1)
  An endoplasm (D:2)
  2 giant cockroaches (D:1)
  2 hobgoblins (D:1)
  3 jackals (D:1)
  4 goblins
  A kobold (D:1)
16 creatures vanquished.

Notes
Turn   | Place    | Note
-------+----------+-------------------------------------------
     0 | D:1      | Sweetruy1997 the Demonspawn Chaos Knight began the quest
                  | for the Orb.
     0 | D:1      | Reached XP level 1. HP: 18/18 MP: 1/1
    36 | D:1      | XOM: divination: detect items
   157 | D:1      | Gained mutation: When seriously injured, your blood forms
                  | armour. (AC +0) [demonic ancestry]
   157 | D:1      | Reached XP level 2. HP: 24/24 MP: 2/2
   481 | D:2      | Found a faded altar of an unknown god.
   520 | D:2      | XOM: silly message
   523 | D:2      | Noticed an ogre
   535 | D:2      | XOM: potion effect (brilliance)
   537 | D:2      | Slain by an ogre

Illustrated notes

Levels and vault maps discovered:
D:1:      dpeg_arrival_windows_large_door, layout_rooms
D:2:      layout_basic, basic_altar, dreamdust_ecumenical_altar_statues

Skill      XL: |  1  2 |
---------------+-------+-----
Long Blades    | 3 |  3.0
Armour         | 2 |  2.0
Fighting       | |  3.5
Dodging        | |  0.9

Action                   || total
-------------------------++-------
Melee: Falchion          ||    53
       Punch             ||     1
Armor: Leather armour    ||    14
Dodge: Dodged            ||    41

Table legend: (Time is in decaauts)
 A = Elapsed time spent in this place.
 B = Non-inter-level travel time spent in this place.
 C = Inter-level travel time spent in this place.
 D = Time resting spent in this place.
 E = Time spent auto-exploring this place.
 F = Levels seen in this place.
 G = Mean time per level.
                   A        B        C        D        E       F      G
               +--------+--------+--------+--------+--------+-----+--------+
         Total |    544 |    511 |     33 |      0 |    381 |   2 |  272.0 |
       Dungeon |    544 |    511 |     33 |      0 |    381 |   2 |  272.0 |
               +--------+--------+--------+--------+--------+-----+--------+

Top non-repeatable levels by time:
     D:1: 487 daAuts
     D:2: 57 daAuts
